 Dungeon Crawl Stone Soup version 0.31-a0-986-g5e6e4ef867 (webtiles) character file.

Game seed: 9788603156928364540

63239 PortalPony the Stickfighter (level 14, -9/126 HPs)
             Began as a Minotaur Berserker on Nov 18, 2023.
             Was a High Priest of Trog.
             Mangled by an ironbound convoker
             ... wielding a +0 morningstar
              (11 damage)
             ... on level 2 of the Vaults.
             The game lasted 02:35:51 (17917 turns).

PortalPony the Stickfighter (Minotaur Berserker)   Turns: 17917, Time: 02:35:52

Health: -9/126     AC: 32    Str: 27    XL:     14   Next: 67%
Magic:  15/15      EV: 12    Int:  4    God:    Trog [*****.]
Gold:   347        SH:  5    Dex: 10    Spells: 13/13 levels left

rFire   . . .        j - +7 lajatang of Trog's Regard {heavy, rN+}
rCold   . . .        (shield currently unavailable)
rNeg    + . .        X - +6 chain mail of Polytheism {+Inv}
rPois   .            U - +2 hat
rElec   .            Y - +0 cloak
rCorr   .            H - +2 pair of gloves
SInv    .            Q - +0 pair of boots
Will    ++...        I - amulet of reflection Stlth
                     k - +4 ring of protection
HPRegen 0.41/turn    C - +4 ring of slaying
MPRegen 0.14/turn

%: reflection
@: marked, on berserk cooldown, slowed, invisible, very slow
A: horns 2, retaliatory headbutt, strong-willed 1
a: Renounce Religion, Evoke Invisibility, Berserk, Trog's Hand, Brothers in Arms


You were on level 2 of the Vaults.
You worshipped Trog.
Trog was extremely pleased with you.
You visited 5 branches of the dungeon, and saw 20 of its levels.

You collected 1887 gold pieces.
You spent 1540 gold pieces at shops.

Inventory:

Hand Weapons
 a - a +0 antimagic orcbow
 j - the +7 lajatang of Trog's Regard (weapon) {heavy, rN+}
   (Trog gifted it to you on level 13 of the Dungeon)

   rN+:       It protects you from negative energy.
 n - a +0 flail
 J - a +0 trident of protection
Missiles
 x - 14 poisoned darts
 z - 16 boomerangs (quivered)
 E - 5 curare-tipped darts
 P - 11 atropa-tipped darts
Armour
 l - a +2 robe of cold resistance
 m - a +1 kite shield of reflection
 y - the +4 scale mail of Duunket {rPois Int+2}
   (You found it on level 12 of the Dungeon)

   Int+2:     It affects your intelligence (+2).
   rPois:     It protects you from poison
 H - a +2 pair of gloves (worn)
 Q - a +0 pair of boots (worn)
 U - a +2 hat (worn)
 X - the +6 chain mail of Polytheism (worn) {+Inv}
   (You bought it in a shop on level 2 of the Orcish Mines)

   +Inv:      It lets you turn invisible.
 Y - a +0 cloak (worn)
Jewellery
 h - an amulet of guardian spirit
 i - a ring of ice
 k - a +4 ring of protection (left hand)
 A - a ring of fire
 C - a +4 ring of slaying (right hand)
 I - an amulet of reflection (around neck)
 K - a ring of fire
 M - a ring of protection from cold
Wands
 e - a wand of polymorph (5)
 o - a wand of light (6)
 V - a wand of paralysis (7)
Scrolls
 f - 4 scrolls of enchant armour
 g - 2 scrolls of teleportation
 q - 3 scrolls of fear
 s - 3 scrolls of blinking
 t - 2 scrolls of poison
 u - a scroll of silence {unknown}
 v - a scroll of vulnerability
 w - 2 scrolls of revelation {unknown}
 F - 4 scrolls of noise {unknown}
 G - a scroll of enchant weapon {unknown}
 N - a scroll of summoning {unknown}
 O - 2 scrolls of immolation {unknown}
 R - 5 scrolls of fog {unknown}
Potions
 b - a potion of resistance {unknown}
 c - a potion of lignification
 d - a potion of berserk rage
 r - 2 potions of curing
 B - 2 potions of haste
 D - a potion of enlightenment
 L - 3 potions of might
 W - a potion of attraction {unknown}


   Skills:
 - Level 12.1 Fighting
 - Level 14.0(14.2) Axes
 - Level 3.9(15.1) Maces & Flails
 - Level 18.1(18.3) Staves
 + Level 15.1 Armour
 - Level 10.0 Dodging
 - Level 3.4 Stealth
 - Level 8.1 Shields
 - Level 3.1 Invocations


You had 13 spell levels left.
You didn't know any spells.
Your spell library contained the following spells:

 Spells                   Type           Power      Damage    Failure   Level
 Magic Dart               Conj           0%         1d3       86%         1
 Call Imp                 Summ           0%         N/A       95%         2
 Poisonous Vapours        Pois/Air       0%         N/A       95%         2
 Static Discharge         Conj/Air       0%         3-3/arc   95%         2
 Sublimation of Blood     Necr           0%         N/A       95%         2
 Mephitic Cloud           Conj/Pois/Air  0%         N/A       99%         3
 Ozocubu's Armour         Ice            0%         N/A       99%         3
 Airstrike                Air            0%         2d(0-16)  100%        4
 Brom's Barrelling Bould  Conj/Erth      0%         2d3       100%        4
 Petrify                  Tmut/Erth      0%         N/A       100%        4
 Summon Lightning Spire   Summ/Air       0%         N/A       100%        4
 Fireball                 Conj/Fire      0%         3d3       100%        5
 Freezing Cloud           Conj/Ice/Air   0%         6-21      100%        5
 Irradiate                Conj/Tmut      0%         3d11      100%        5
 Iskenderun's Battlesphe  Conj           0%         2d6       100%        5
 Metabolic Englaciation   Hex/Ice        0%         N/A       100%        5
 Conjure Ball Lightning   Conj/Air       0%         3x3d6     100%        6
 Simulacrum               Ice/Necr       0%         N/A       100%        6
 Orb of Destruction       Conj           0%         9d5       100%        7


Dungeon Overview and Level Annotations

Branches:
Dungeon (14/15)            Temple (1/1) D:6             Orc (2/2) D:9
    Elf (1/3) Orc:2        Vaults (2/5) D:13
   Lair: D:8-11       Crypt: Vaults:2-3

Altars:
Ashenzari
Cheibriados
Dithmenos
Elyvilon
Fedhas
Gozag
Hepliaklqana
Kikubaaqudgha
Makhleb
Nemelex Xobeh
Okawaru
Qazlal
Ru
Trog
Uskayaw
Vehumet
Wu Jian
Xom
Yredelemnul
Zin

Shops:
D:6 =   D:13 *   Orc:2 !!?*[[[[   Vaults:2 [

Annotations:
D:8 Maggie


Innate Abilities, Weirdness & Mutations

You have a pair of horns on your head.
You reflexively headbutt those who attack you in melee.
You are strong-willed. (Will+)


Message History

The centaur warrior unwields a +0 orcbow.
The centaur warrior hits you!
* * * LOW HITPOINT WARNING * * *
The centaur warrior kicks you but does no damage.
You slice the centaur warrior!! You headbutt the centaur warrior.
The centaur warrior is severely wounded.
The centaur warrior hits you but does no damage.
The centaur warrior misses you.
The deep troll enters a dispersal trap!
The ironbound convoker blinks!
The deep troll blinks!
The centaur warrior blinks!
You blink.
The centaur warrior hits you but does no damage.
The centaur warrior kicks you but does no damage.
The ironbound convoker closely misses you.
The yaktaur captain wields a +0 arbalest.
The yaktaur captain shoots a bolt.
The bolt hits you!!
* * * LOW HITPOINT WARNING * * *
You fade into invisibility!
You block the centaur warrior's attack.
The centaur warrior kicks you but does no damage.
The ironbound convoker hits you but does no damage.
A slime creature comes into view. x2
The deep troll bites you but does no damage.
The deep troll claws you but does no damage.
You block the deep troll's attack.
The yaktaur captain shoots a bolt.
The bolt hits the deep troll!
The centaur warrior hits you!
* * * LOW HITPOINT WARNING * * *
You block the centaur warrior's attack.
You feel better. The centaur warrior hits you.
* * * LOW HITPOINT WARNING * * *
The centaur warrior closely misses you.
The ironbound convoker barely misses you.
You furiously retaliate!
You headbutt the ironbound convoker! The deep troll bites you!
* * * LOW HITPOINT WARNING * * *
The deep troll claws you but does no damage. x2
The yaktaur captain shoots a bolt.
The bolt hits the deep troll!!
The centaur warrior hits you but does no damage.
You block the centaur warrior's attack.
The ironbound convoker hits you with a +0 morningstar!
You die...

#.............
#....).....#
#..........#
#..).).....#
#...)).....#
#.....∩....#
#..........#
#p.........#
#@T.......J#
#Tc....J...#
#......c.T.#
#..........#
#............
'............
.#J.......!....
..#...........


You could see a yaktaur captain (unable to see you), 2 slime creatures, a
centaur warrior (unable to see you), 2 deep trolls and an ironbound convoker
(unable to see you).

Vanquished Creatures
  An orc warlord (D:9)
  An ironbound preserver (Vaults:1)
  2 ironbound thunderhulks
  3 dire elephants (Vaults:1)
  An entropy weaver (Vaults:2)
  Erolcha (D:9)
  Fannar (D:11)
  A hydra (D:14)
  8 centaur warriors
  5 ironbound frosthearts (Vaults:1)
  An ogre mage (D:13)
  2 two-headed ogres
  5 boulder beetles
  3 tengu warriors
  5 orc high priests
  Nergalle (D:9)
  Sonja (D:13)
  Amaemon (D:10)
  5 deep trolls (Vaults:1)
  A skeletal warrior (D:13)
  4 ironbound convokers (Vaults:2)
  2 lindwurms (Vaults:2)
  2 deep elf pyromancers
  A phantasmal warrior (Vaults:1)
  6 orc sorcerers
  5 orc knights
  8 ugly things
  A wolf spider (D:14)
  A cyclops (D:12)
  Maurice (D:13)
  4 centaur zombies (D:11)
  4 vault sentinels (Vaults:2)
  An orange demon (D:9)
  4 centaur skeletons (D:13)
  A kobold demonologist (D:11)
  Psyche (D:9)
  4 trolls
  3 meliai (D:14)
  A hornet (D:7)
  12 slime creatures
  4 shadows
  17 yaks
  A basilisk (D:14)
  A wyvern (D:10)
  8 wraiths
  A hog (shapeshifter) (D:13)
  9 vampire mosquitoes
  An acid dragon (D:9)
  2 wargs
  3 water moccasins
  25 orc warriors
  2 sky beasts (D:7)
  A black bear (D:4)
  7 ogres
  A boggart (D:13)
  8 centaurs
  2 phantoms (D:4)
  3 kobold brigands
  4 bullfrogs
  A gnoll sergeant (D:13)
  A scorpion (D:5)
  2 wights (D:5)
  11 killer bees
  2 hounds
  2 jellies
  A gnoll bouda (D:4)
  9 orc priests
  Jessica (D:3)
  5 iguanas
  A boggart zombie (D:11)
  14 orc wizards
  4 adders
  8 gnolls
  A shadow imp (D:7)
  5 white imps
  3 ufetubi
  A worm (D:2)
  5 dart slugs
  60 orcs
  7 endoplasms
  2 giant cockroaches
  2 goblins
  8 hobgoblins
  A jackal (D:1)
  10 kobolds
  5 quokkas
  11 ball pythons
  A frilled lizard (D:1)
  5 rats
404 creatures vanquished.

Notes
Turn   | Place    | Note
-------+----------+-------------------------------------------
     0 | D:1      | PortalPony the Minotaur Berserker began the quest for the
                  | Orb.
     0 | D:1      | Reached XP level 1. HP: 19/19 MP: 0/0
    51 | D:1      | Reached XP level 2. HP: 27/27 MP: 1/1
    79 | D:1      | Found a faded altar of an unknown god.
   406 | D:1      | Reached ** piety under Trog
   463 | D:2      | Reached XP level 3. HP: 33/33 MP: 2/2
   621 | D:2      | Reached skill level 1 in Axes
   953 | D:3      | Noticed Jessica
   958 | D:3      | Killed Jessica
   959 | D:3      | Reached XP level 4. HP: 24/40 MP: 3/3
  1873 | D:5      | Entered Level 5 of the Dungeon
  1873 | D:5      | Found a blossoming altar of Fedhas.
  1959 | D:5      | Reached XP level 5. HP: 31/46 MP: 4/4
  1966 | D:5      | Reached skill level 5 in Axes
  1968 | D:5      | Noticed an ogre
  1978 | D:5      | Killed an ogre
  1979 | D:5      | Reached XP level 6. HP: 36/52 MP: 3/5
  2107 | D:5      | Reached skill level 5 in Armour
  2240 | D:4      | Noticed a water moccasin
  2247 | D:4      | Killed a water moccasin
  2248 | D:4      | Reached XP level 7. HP: 31/59 MP: 4/6
  2464 | D:4      | Reached *** piety under Trog
  2509 | D:4      | Reached skill level 5 in Fighting
  2856 | D:6      | Reached XP level 8. HP: 73/73 MP: 7/7
  3497 | D:6      | Found Moit's Jewellery Emporium.
  3804 | D:7      | Found a sacrificial altar of Ru.
  3804 | D:7      | Noticed a hornet
  3831 | D:6      | Found a staircase to the Ecumenical Temple.
  3850 | Temple   | Entered the Ecumenical Temple
  4140 | D:7      | Found a glowing silver altar of Zin.
  4190 | D:8      | Found a shadowy altar of Dithmenos.
  4190 | D:8      | Found a sacrificial altar of Ru.
  4310 | D:8      | Reached skill level 2 in Staves
  4336 | D:7      | Reached skill level 3 in Staves
  4399 | D:7      | Reached skill level 4 in Staves
  4401 | D:7      | Reached skill level 5 in Staves
  4401 | D:7      | Paralysed by a hornet for 1 turns
  4410 | D:7      | Killed a hornet
  4411 | D:7      | Reached skill level 7 in Staves
  4411 | D:7      | Reached XP level 9. HP: 27/83 MP: 8/8
  4415 | D:7      | Reached skill level 8 in Staves
  4428 | D:7      | Reached skill level 9 in Staves
  4726 | D:8      | Reached skill level 10 in Staves
  4739 | D:8      | Noticed Maggie
  4762 | D:9      | Reached skill level 11 in Staves
  4880 | D:9      | Reached skill level 12 in Staves
  5126 | D:9      | Reached skill level 13 in Staves
  5243 | D:9      | Reached **** piety under Trog
  5374 | D:9      | Reached skill level 14 in Staves
  5428 | D:9      | Found a staircase to the Orcish Mines.
  5564 | Orc:1    | Entered Level 1 of the Orcish Mines
  5650 | D:9      | Gained mutation: You do not regenerate when monsters are
                  | visible. [potion of mutation]
  5650 | D:9      | Gained mutation: You occasionally lose the ability to read
                  | scrolls when taking damage. [potion of mutation]
  5650 | D:9      | Gained mutation: You have hidden genetic potential. [potion
                  | of mutation]
  5655 | D:9      | Noticed a troll
  5665 | D:9      | Killed a troll
  5666 | D:9      | Reached skill level 15 in Staves
  5721 | D:9      | Noticed Amaemon
  5721 | D:9      | Noticed an orange demon
  5750 | D:10     | Entered Level 10 of the Dungeon
  5764 | D:10     | Found a hazy altar of Hepliaklqana.
  5768 | D:10     | Found an opulent altar of Gozag.
  5769 | D:10     | Found an ancient bone altar of Kikubaaqudgha.
  5817 | D:10     | Reached XP level 10. HP: 68/91 MP: 9/9
  5873 | D:10     | Reached skill level 1 in Stealth
  5997 | D:10     | Found a bloodstained altar of Trog.
  6551 | D:11     | Reached skill level 1 in Shields
  7254 | Orc:1    | Noticed an orc warlord
  7355 | D:9      | Noticed Psyche
  7360 | D:9      | Killed Psyche
  7405 | D:9      | Killed an orc warlord
  7422 | Orc:1    | Noticed an orc sorcerer
  7422 | Orc:1    | Noticed Erolcha
  7422 | Orc:1    | Lost mutation: You do not regenerate when monsters are
                  | visible. [hidden potential]
  7423 | Orc:1    | Noticed Nergalle
  7543 | D:9      | Killed Nergalle
  7704 | D:12     | Noticed a boulder beetle
  7831 | D:10     | Reached XP level 11. HP: 82/97 MP: 12/12
  7965 | D:11     | Noticed a deep elf pyromancer
  8015 | D:11     | Killed a deep elf pyromancer
  8174 | D:11     | Gained mutation: Your natural rate of healing is unusually
                  | fast. [hidden potential]
  8174 | D:11     | Lost mutation: You have hidden genetic potential. [hidden
                  | potential expressed]
  8193 | D:11     | Noticed a sun demon
  8229 | D:11     | Reached skill level 10 in Armour
  8351 | Orc:1    | Paralysed by an orc sorcerer for 2 turns
  8359 | D:9      | Killed Erolcha
  8360 | D:9      | Reached skill level 5 in Dodging
  8382 | D:9      | Noticed a soul eater
  8383 | D:9      | Killed an orc sorcerer
  8629 | Orc:2    | Entered Level 2 of the Orcish Mines
  8629 | Orc:2    | Found a staircase to the Elven Halls.
  8636 | Orc:2    | Found Mies's Antique Armour Shoppe.
  8649 | Orc:2    | Found Icis's Antique Armour Shop.
  8699 | Orc:2    | Found Atsuo's Armour Emporium.
  8704 | Orc:2    | Noticed an orc high priest
  8721 | Orc:2    | Noticed a soul eater
  8730 | Orc:2    | Killed an orc high priest
  8735 | Orc:2    | Noticed an orc high priest
  8746 | Orc:2    | Killed an orc high priest
  8747 | Orc:2    | Noticed an orc knight
  8749 | Orc:2    | Noticed an orc sorcerer
  8762 | Orc:1    | Noticed an orc sorcerer
  8775 | Orc:1    | Killed an orc sorcerer
  8775 | Orc:1    | Reached ***** piety under Trog
  8999 | Orc:1    | Killed an orc knight
  9011 | Orc:2    | Paralysed by an orc sorcerer for 4 turns
  9014 | Orc:2    | Killed an orc sorcerer
  9169 | Orc:2    | Reached skill level 10 in Dodging
  9216 | Orc:2    | Bought the +6 chain mail of Polytheism {+Inv} for 776 gold
                  | pieces
  9239 | Orc:2    | Found Ipiroafokomn's Antique Armour Shop.
  9250 | Orc:2    | Reached XP level 12. HP: 104/104 MP: 13/13
  9255 | Orc:2    | Received a gift from Trog
  9708 | Orc:2    | Paralysed by an orc sorcerer for 4 turns
  9722 | Orc:2    | Reached skill level 10 in Fighting
  9759 | Orc:2    | Noticed an orc high priest
  9832 | Orc:1    | Killed an orc high priest
 10009 | Orc:2    | Noticed an orc high priest
 10085 | Orc:2    | Paralysed by an orc sorcerer for 3 turns
 10111 | Orc:2    | Killed an orc high priest
 10140 | Orc:2    | Noticed an orc high priest
 10205 | Orc:2    | Killed an orc high priest
 10278 | Orc:2    | Found Opuroi Bink's Magic Scroll Emporium.
 10278 | Orc:2    | Found Jacugoug's Assorted Antiques.
 10280 | Orc:2    | Found Nuasi's Distillery.
 10280 | Orc:2    | Found Kiolyul's Distillery.
 10292 | Orc:2    | Bought a scroll labelled LUONEL KERRAUWK for 19 gold pieces
 10292 | Orc:2    | Bought a scroll labelled BOIGIB UCWYSAT for 19 gold pieces
 10484 | Orc:2    | Bought 2 potions of mutation for 192 gold pieces
 10486 | Orc:2    | Bought a scroll of enchant armour for 127 gold pieces
 10494 | Orc:2    | Bought a potion of invisibility for 96 gold pieces
 10494 | Orc:2    | Bought a potion of might for 48 gold pieces
 10565 | Vaults:3 | Identified the "Oshroxzon"
 10565 | Vaults:5 | Identified the of Inaytruy
 10565 | Crypt:3  | Identified the of Idacuomev
 10565 | Depths:2 | Identified the "Noddudgh"
 10565 | Depths:2 | Identified the of Inot Fyg
 10565 | Depths:2 | Identified the of Ficazes
 10565 | Elf:1    | Identified the "Cerr"
 10565 | Elf:1    | Entered Level 1 of the Elven Halls
 10763 | D:10     | Killed Amaemon
 10939 | D:11     | Noticed a boulder beetle
 10963 | D:12     | Killed a boulder beetle
 10976 | D:12     | Killed a boulder beetle
 10977 | D:12     | Reached skill level 10 in Axes
 11141 | D:11     | Noticed Fannar
 11182 | D:11     | Killed Fannar
 11460 | D:12     | Lost mutation: You occasionally lose the ability to read
                  | scrolls when taking damage. [potion of mutation]
 11460 | D:12     | Lost mutation: Your natural rate of healing is unusually
                  | fast. [potion of mutation]
 11460 | D:12     | Gained mutation: You have an increased reservoir of magic.
                  | (+10% MP) [potion of mutation]
 11460 | D:12     | Gained mutation: You are robust. (+10% HP) [potion of
                  | mutation]
 11461 | D:12     | Lost mutation: You have an increased reservoir of magic.
                  | (+10% MP) [potion of mutation]
 11461 | D:12     | Lost mutation: You are robust. (+10% HP) [potion of
                  | mutation]
 11461 | D:12     | Gained mutation: You are strong-willed. (Will+) [potion of
                  | mutation]
 11495 | D:12     | Noticed a boulder beetle
 11500 | D:12     | Killed a boulder beetle
 11571 | D:12     | Identified the +4 scale mail of Duunket {rPois Int+2}
 11603 | D:13     | Noticed a centaur warrior
 11610 | D:13     | Killed a centaur warrior
 11680 | D:14     | Reached XP level 13. HP: 100/116 MP: 14/14
 11749 | D:13     | Noticed Sonja
 11948 | D:13     | Killed Sonja
 12394 | D:12     | You fall into a shaft and drop 2 floors!
 12521 | D:13     | Identified the +7 lajatang of Trog's Regard {heavy, rN+}
                  | (Trog gifted it to you on level 13 of the Dungeon)
 12521 | D:13     | Received a gift from Trog
 13451 | D:13     | Noticed Maurice
 13612 | D:13     | Killed Maurice
 13710 | D:13     | Found a gate to the Vaults.
 13819 | D:13     | Found Icviz's Assorted Antiques.
 13823 | D:13     | Bought 2 scrolls labelled ZOATUVAMAE for 64 gold pieces
 13823 | D:13     | Bought a smoky sapphire potion for 28 gold pieces
 13823 | D:13     | Bought a scroll labelled ZOATUVAMAE for 32 gold pieces
 14264 | D:13     | Reached skill level 16 in Staves
 14702 | D:14     | Reached skill level 17 in Staves
 15504 | Vaults:1 | Entered Level 1 of the Vaults
 15592 | Vaults:1 | Noticed an ironbound preserver
 15604 | Vaults:1 | Reached XP level 14. HP: 116/124 MP: 15/15
 15608 | Vaults:1 | Killed an ironbound preserver
 15612 | Vaults:1 | Reached skill level 18 in Staves
 15969 | Vaults:1 | Noticed an ironbound thunderhulk
 16143 | Vaults:1 | Killed an ironbound thunderhulk
 16268 | Vaults:1 | Noticed an ironbound thunderhulk
 16551 | Vaults:2 | Killed an ironbound thunderhulk
 16974 | Vaults:1 | Received a gift from Trog
 17203 | Vaults:2 | Reached skill level 15 in Armour
 17827 | Vaults:2 | Found Xuipum's Antique Armour Shop.
 17852 | Vaults:2 | Bought a pair of boots for 139 gold pieces
 17916 | Vaults:2 | HP: 4/126 [centaur warrior (7)]
 17917 | Vaults:2 | Mangled by an ironbound convoker

Illustrated notes

Levels and vault maps discovered:
D:1:      minmay_arrival_radiant_lines, layout_rooms,
          shapermc_ecumenical_altar_flowoftime
D:2:      layout_basic
D:3:      layout_basic, uniq_jessica
D:4:      layout_loops_ring, led_sif_pool
D:5:      layout_loops_corners, fedhas_altar_1, corner_web_ring
D:6:      layout_basic, minmay_temple_entry_tees,
          lightli_ossuary_entry_decrepit_ruins, serial_shops,
          nicolae_stop_n_shop_1, hex_medium
D:7:      layout_basic, mainiacjoe_overflow_chevrons, minmay_ruined_shrine
D:8:      layout_basic, mainiacjoe_overflow_cross_hatched,
          mainiacjoe_overflow_catwalk_spiral, lair_entry_dummy, uniq_maggie
D:9:      layout_grid_maze, david_orc_3, hangedman_decor_slide_cut,
          uniq_amaemon, uniq_psyche
D:10:     layout_basic, grunt_temple_overflow_open
D:11:     layout_gridville, serial_undead, serial_undead_e, serial_undead_c,
          serial_undead_f, serial_undead_f, uniq_fannar
D:12:     layout_long_grid
D:13:     layout_irregular_city, hangedman_vaults_entry_quadrant_bands,
          serial_shops, nicolae_shop_peninsula, uniq_maurice, uniq_sonja
D:14:     layout_loops_ring, minmay_misc_feat_four_crosses
Temple:   nicolae_temple_slightly_damp_pantheon
Orc:1:    layout_caves, uniq_erolcha, uniq_nergalle
Orc:2:    grunt_orc_tribal_feast, layout_caves, serial_shops, shop,
          nicolae_shop_waterfront, shop, shop
Elf:1:    eino_elf_arrival_altar, layout_loops_corners,
          nicolae_trove_entry_crossroad, minmay_elf_necromancy,
          grunt_ministairs_8
Vaults:1: nicolae_vaults_triangles, v_misc_23, v_pattern_1,
          vaults_room_ringed_pool, st_cross, layout_vaults_quadrants
Vaults:2: nicolae_vaults_closet_pinwheel_3, ontoclasm_vaults_fault,
          nicolae_vaults_theta, nicolae_vaults_house_3,
          nicolae_vaults_rhombus_6, nicolae_vaults_little_ls,
          nicolae_vaults_trapezoid_4, ontoclasm_vaults_decontamination,
          layout_vaults_big_room, serial_shops, shop_coins

Skill      XL: |  1  2  3  4  5  6  7  8  9 10 11 12 13 14 |
---------------+-------------------------------------------+-----
Fighting       | 4 7 9 11 12 | 12.1
Armour         | 3 6 10 11 15 | 15.1
Axes           | 3 4 6 12 14 | 14.0
Dodging        | 3 4 10 | 10.0
Staves         | 7 15 17 18 | 18.1
Stealth        | 3 |  3.4
Shields        | 8 |  8.1
Invocations    | 3 |  3.1
Maces & Flails | |  3.9

Action                     |  1- 3 |  4- 6 |  7- 9 | 10-12 | 13-15 || total
---------------------------+-------+-------+-------+-------+-------++-------
  Melee: Mace              |    58 |       |       |       |       ||    58
         Headbutt          |    12 |     7 |    36 |   125 |    60 ||   240
         Hand axe          |    27 |    78 |   111 |       |       ||   216
         Punch             |       |     1 |     3 |    13 |       ||    17
         Trident           |       |       |   137 |   499 |       ||   636
         Battleaxe         |       |       |       |    74 |    92 ||   166
         Lajatang          |       |       |       |       |   193 ||   193
  Throw: Dart              |       |       |     5 |     8 |       ||    13
         Boomerang         |       |       |       |    30 |     7 ||    37
         Stone             |       |       |       |     9 |       ||     9
 Invoke: Berserk           |       |     1 |     1 |     2 |     3 ||     7
  Evoke: Wand              |       |       |       |       |     1 ||     1
    Use: Scroll            |       |       |     9 |     7 |     3 ||    19
         Potion            |       |       |     1 |     6 |     8 ||    15
   Stab: Paralysed         |       |       |       |       |     3 ||     3
 Armour: Animal skin       |     7 |       |       |       |       ||     7
         Ring mail         |    20 |    48 |   106 |       |       ||   174
         Skin              |     5 |       |       |       |       ||     5
         Acid dragon scale |       |       |    50 |    29 |       ||    79
         Chain mail        |       |       |    20 |   219 |   493 ||   732
         Troll leather arm |       |       |     5 |     1 |       ||     6
         Plate armour      |       |       |       |   361 |       ||   361
  Dodge: Dodged            |    38 |    44 |   114 |   320 |   265 ||   781
  Block: Other             |       |       |    34 |   163 |   134 ||   331
         Reflection        |       |       |     1 |     5 |    23 ||    29

Table legend: (Time is in decaauts)
 A = Elapsed time spent in this place.
 B = Non-inter-level travel time spent in this place.
 C = Inter-level travel time spent in this place.
 D = Time resting spent in this place.
 E = Time spent auto-exploring this place.
 F = Levels seen in this place.
 G = Mean time per level.
                   A        B        C        D        E       F      G
               +--------+--------+--------+--------+--------+-----+--------+
         Total |  18111 |  13818 |   4293 |      0 |   6188 |  20 |  905.5 |
       Dungeon |  13367 |   9906 |   3461 |      0 |   4935 |  14 |  954.8 |
        Temple |      1 |      1 |      0 |      0 |      0 |   1 |    1.0 |
  Orcish Mines |   2283 |   1646 |    637 |      0 |    622 |   2 | 1141.5 |
   Elven Halls |     16 |     15 |      1 |      0 |      0 |   1 |   16.0 |
        Vaults |   2442 |   2249 |    193 |      0 |    631 |   2 | 1221.0 |
               +--------+--------+--------+--------+--------+-----+--------+

Top non-repeatable levels by time:
     D:9: 2052 daAuts
    D:13: 1826 daAuts
   Orc:2: 1451 daAuts
    D:12: 1360 daAuts
Vaults:1: 1233 daAuts
Vaults:2: 1209 daAuts
    D:11: 1168 daAuts
    D:14: 1088 daAuts
    D:10: 1084 daAuts
     D:3: 876 daAuts
   Orc:1: 831 daAuts
     D:5: 779 daAuts
     D:6: 636 daAuts
     D:4: 599 daAuts
     D:7: 555 daAuts
